 Dungeon Crawl Stone Soup version 0.28.0 (webtiles) character file.

Game seed: 14719807583315543333

7 ProzacElf the Magician (level 1, -1/16 HPs)
             Began as a Troll Hedge Wizard on Feb 5, 2022.
             Was an Initiate of Gozag.
             Succumbed to a goblin's poison
             ... on level 1 of the Dungeon.
             The game lasted 00:01:49 (148 turns).

ProzacElf the Magician (Troll Hedge Wizard)          Turns: 148, Time: 00:01:50

Health: -1/16      AC:  4    Str: 17    XL:     1   Next: 83%
Magic:  2/2        EV:  9    Int: 10    God:    Gozag
Gold:   0          SH:  0    Dex:  9    Spells: 3/4 levels left

rFire   . . .      SeeInvis .     - Unarmed
rCold   . . .      Faith    .   (no shield)
rNeg    . . .      Spirit   .   b - +0 robe
rPois   .          Reflect  .   c - +0 hat
rElec   .          Harm     .   (no cloak)
rCorr   +          Rampage  .   (gloves unavailable)
Will    .....                   (boots unavailable)
Stlth   +.........              (no amulet)
HPRegen 0.85/turn               f - ring of resist corrosion
MPRegen 0.08/turn               (no ring)

@: lethally poisoned (-1 -> -10), gold aura
A: large, unfitting armour, claws 3, regeneration 1, shaggy fur 1, tough skin 1
a: Renounce Religion, Potion Petition, Call Merchant, Bribe Branch


You were on level 1 of the Dungeon.
You worshipped Gozag.
Gozag was noncommittal.
You visited 1 branch of the dungeon, and saw 2 of its levels.

Inventory:

Hand Weapons
 d - a +0 dagger
Missiles
 h - 17 stones
Armour
 b - a +0 robe (worn)
 c - a +0 hat (worn)
Jewellery
 f - a ring of resist corrosion (left claw)
Scrolls
 a - a scroll of identify {unknown}
 e - a scroll of noise {unknown}
 g - a scroll of fog {unknown}


   Skills:
 + Level 1.9 Dodging
 - Level 1.0 Stealth
 + Level 1.0 Unarmed Combat
 - Level 2.0 Spellcasting
 - Level 0.6 Conjurations
 - Level 0.6 Summonings
 - Level 0.6 Translocations


You had 3 spell levels left.
You knew the following spells:

 Your Spells              Type           Power      Damage    Failure   Level
a - Magic Dart            Conj           8%         1d3       24%         1

Your spell library contained the following spells:

 Spells                   Type           Power      Damage    Failure   Level
 Slow                     Hex            4%         N/A       30%         1
 Blink                    Tloc           4%         N/A       36%         2
 Call Imp                 Summ           2%         N/A       36%         2
 Conjure Flame            Conj/Fire      1%         6-21      63%         3
 Mephitic Cloud           Conj/Pois/Air  1%         N/A       65%         3


Dungeon Overview and Level Annotations

Branches:
Dungeon (2/15)

Altars:
Gozag


Innate Abilities, Weirdness & Mutations

You are too large for most types of armour.
You have claws for hands.
Your natural rate of healing is unusually fast.
You are covered in fur. (AC +1)
You have tough skin. (AC +1)


Message History

Tha ball python be heavily wounded.
Tha ball python closely misses ye.
Health restored: 16 Ye claw tha ball python!
Ye kill tha ball python!
Thar be a faded altar o' an unknown god 'ere.
Ye cannae tell which god 'tis altar belongs ta.
Convert ta 'em anyway?
Gozag accepts yer prayer!
Gozag welcomes ye!
Gozag waives tha service fee.
A goblin comes inta view.
It be wieldin' a +2 dagger o' venom.
Tha goblin shouts!
Tha goblin hits ye wit' a +2 dagger o' venom.
Ye be poison'd.
Ye take 1 damage, an' haf 15/16 hp.
Ye miss tha goblin.
Ye feel sick.
Tha goblin hits ye wit' a +2 dagger o' venom.
Ye be leth'lly poison'd!
Ye take 6 damage, an' haf 9/16 hp.
MASSIVE DAMAGE!!
Ye scratch tha goblin.
Tha goblin be moderately wounded.
Ye feel very sick.
Tha goblin hits ye but does nay damage.
Ye be more poison'd.
Ye take 4 damage, an' haf 5/16 hp.
MASSIVE DAMAGE!!
Ye be too injured ta fight recklessly!
Ye be too injured ta fight recklessly!
Ye be too injured ta fight recklessly!
Ye be too injured ta fight recklessly!
Ye be too injured ta fight recklessly!
Ye claw tha goblin!
Ye kill tha goblin!
* * * LOW HITPOINT WARNIN'
* * * Ye feel very sick.
Yer Unarmed Combat skill increases ta level 1!
Ye take 4 damage, an' haf 1/16 hp.
MASSIVE DAMAGE!!
Ye ar'n't carryin' any potions.
Okay, than.
Ye die...
Yer body crumbles inta a pile o' gold.

##### ..... #### #..^.
......# ...
#....#######......# ####
.........#......## #..# .#
#..$##.#....... #..# ..#
#..@##.......# ##.# ..#
#...##.......+ #.####.#
#............#
##....#.#...#.####......#
#...#.#.###.#......_#.....
#.#.#.#.........###.#.#####
#.#.#.....................#
#.#.......#.#.###...#.....#
#.###>..............+.....#


There were no monsters in sight!

Vanquished Creatures
  2 ball pythons (D:1)
  2 endoplasms
  A goblin (D:1)
5 creatures vanquished.

Notes
Turn   | Place    | Note
-------+----------+-------------------------------------------
     0 | D:1      | ProzacElf the Troll Hedge Wizard began the quest for the
                  | Orb.
     0 | D:1      | Reached XP level 1. HP: 16/16 MP: 2/2
    37 | D:1      | You fall into a shaft and drop 1 floor!
   117 | D:1      | Found a faded altar of an unknown god.
   137 | D:1      | Prayed at the altar of an unknown god.
   137 | D:1      | Became a worshipper of Gozag Ym Sagoz the Greedy
   148 | D:1      | Reached skill level 1 in Unarmed Combat
   148 | D:1      | Succumbed to a goblin's poison

Illustrated notes

Levels and vault maps discovered:
D:1:      minmay_arrival_stair_chambers, layout_basic, basic_ecumenical_altar,
          serial_aquarium, aquarium_bridge_straight [aquarium_subvault_bridge,
          aquarium_subvault_wall, aquarium_subvault_bridge,
          aquarium_subvault_wall], aquarium_window_fake, aquarium_window_2,
          aquarium_window_fake, aquarium_window_corridor_1, aquarium_view_2b,
          aquarium_pool_S, minmay_door_square, minmay_tetromino_l4
D:2:      layout_basic, chequers_serial_rivers_marsh, uniq_robin

Skill      XL: |  1 |
---------------+----+-----
Unarmed Combat | 1 |  1.0
Dodging        | |  1.9
Stealth        | |  1.0
Spellcasting   | |  2.0
Conjurations   | |  0.6
Summonings     | |  0.6
Translocations | |  0.6

Action                   || total
-------------------------++-------
Melee: Unarmed           ||    14
 Stab: Sleeping          ||     1
Armor: Robe              ||     4
Dodge: Dodged            ||     3
